 Dungeon Crawl Stone Soup version 0.25-a0-578-gc91f01c39c (webtiles) character file.

Game seed: 14641494136052808722, levelgen mode: deterministic

88 Flugslaktarn the Covered (level 4, -5/42 HPs)
             Began as a Deep Dwarf Fighter on Mar 3, 2020.
             Slain by a two-headed ogre
             ... wielding a +0 giant spiked club
              (17 damage)
             ... on level 4 of the Dungeon.
             The game lasted 00:00:30 (630 turns).

Flugslaktarn the Covered (Deep Dwarf Fighter)        Turns: 630, Time: 00:00:31

Health: -5/42      AC:  7    Str: 21    XL:     4   Next: 30%
Magic:  4/4        EV:  7    Int:  8    God:
Gold:   60         SH:  9    Dex: 12    Spells: 3/3 levels left

rFire    . . .     SeeInvis .   a - +0 war axe
rCold    . . .     Gourm    .   c - +0 kite shield
rNeg     . . .     Faith    .   b - +0 scale mail
rPois    .         Spirit   .   (no helmet)
rElec    .         Reflect  .   (no cloak)
rCorr    .         Harm     .   (no gloves)
MR       .....                  (no boots)
Stlth    ..........             (no amulet)
HPRegen  0.00/turn              (no ring)
MPRegen  0.09/turn              (no ring)

@: non-regenerating
A: damage resistance, heal wounds, sense surroundings 1, no regeneration
a: Heal Wounds


You were on level 4 of the Dungeon.
You were not hungry.

You visited 1 branch of the dungeon, and saw 4 of its levels.

You collected 60 gold pieces.

Inventory:

Hand Weapons
 a - a +0 war axe (weapon)
Armour
 b - a +0 scale mail (worn)
 c - a +0 kite shield (worn)
Scrolls
 f - a scroll of identify {unknown}
 j - a scroll of blinking {unknown}
Potions
 d - a potion of might
 g - 2 potions of lignification {unknown}
 i - a potion of degeneration {unknown}
Comestibles
 e - 6 rations
 h - 3 chunks of flesh


   Skills:
 + Level 3.3 Fighting
 + Level 3.1 Axes
 + Level 4.0 Armour
 + Level 4.0 Shields


You had 3 spell levels left.
You didn't know any spells.
Your spell library was empty.

Dungeon Overview and Level Annotations

Branches:
Dungeon (4/15)
 Temple: D:4-7

Altars:


Innate Abilities, Weirdness & Mutations

You are resistant to damage.
You can heal yourself by infusing magical energy.
You passively map a small area around you.
You do not regenerate.


Message History

You now have 60 gold pieces (gained 9).
Some of the chunks of flesh in your inventory have rotted away.
Found a stone staircase leading down.
You hear the hiss of an avalanche of sand nearby.
An iguana and a two-headed ogre come into view.
The two-headed ogre shouts in stereo!
The two-headed ogre moves out of view.
Found a glowing spear.
An iguana is nearby!
An iguana is nearby!
The two-headed ogre hits you with a +0 giant spiked club!!
You block the two-headed ogre's attack.
You slash the two-headed ogre!
The two-headed ogre is lightly wounded.
You hit the iguana but do no damage.
The iguana bites you but does no damage.
The iguana bites you!
* * * LOW HITPOINT WARNING * * *
The two-headed ogre hits you with a +0 giant spiked club!!
You die...

* * * *
#.....# , ,
* #.....#
#.....#, , ,
, #.....# ,
, * #....)#
, , , * * *
###.....# ,,
,......lO# ,
, * * *#@# *
* * * ♣♣♣.♣
♣♣...♣ ♣
♣♣..♣♣♣
♣♣♣♣♣♣♣♣♣
♣♣♣♣ ♣..♣♣
♣♣......♣♣
...♣♣♣♣ ♣♣.♣
♣...♣♣♣...
♣♣♣...♣♣
♣♣.♣♣
♣♣♣...♣ ♣♣♣♣
♣♣♣♣.♣♣♣♣.♣♣
♣....♣♣
♣...♣♣..♣
♣♣♣♣..♣♣


You could see a two-headed ogre and an iguana.

Vanquished Creatures
  A hound (D:4)
  A worker ant (D:4)
  An adder (D:3)
  3 worms
  2 leopard geckos
  5 bats
  A goblin (D:1)
  2 quokkas
  A frilled lizard (D:1)
  2 kobolds (D:1)
  3 rats
22 creatures vanquished.

Notes
Turn   | Place    | Note
-------+----------+-------------------------------------------
     0 | D:1      | Flugslaktarn the Deep Dwarf Fighter began the quest for the
                  | Orb.
     0 | D:1      | Reached XP level 1. HP: 20/20 MP: 1/1
   238 | D:2      | Reached XP level 2. HP: 24/27 MP: 2/2
   368 | D:3      | Reached XP level 3. HP: 23/34 MP: 3/3
   584 | D:4      | Reached XP level 4. HP: 40/42 MP: 4/4
   627 | D:4      | Noticed a two-headed ogre
   630 | D:4      | Slain by a two-headed ogre

Levels and vault maps discovered:
D:1:      mrwooster_arrival_statue, layout_loops_corners
D:2:      layout_rooms, nemelex_altar_shiori
D:3:      layout_loops_cross, first_ration
D:4:      kb_forest_paths, layout_basic, chequers_ossuary_entry_cave

Skill      XL: |  1  2  3 |
---------------+----------+-----
Fighting       | 3 |  3.3
Axes           | 3 |  3.1
Armour         | 4 |  4.0
Shields        | 4 |  4.0

Action                   |  1- 3 |  4- 6 || total
-------------------------+-------+-------++-------
Melee: War axe           |    91 |     1 ||    92
 Abil: Heal Wounds       |     2 |       ||     2
Armor: Scale mail        |    50 |     1 ||    51
Dodge: Dodged            |    32 |       ||    32
Block: Kite shield       |    51 |     1 ||    52

Table legend:
 A = Non-vault XP
 B = Vault XP
 C = Vault XP percentage of total XP
 D = Non-vault monster count
 E = Vault monster count
 F = Vault count percentage of total count
                 A         B        C        D         E       F
            +---------+---------+-------+---------+---------+-------
      Total |     127 |       0 |   0.0 |      22 |       0 |   0.0
            +---------+---------+-------+---------+---------+-------
        D:1 |      10 |       0 |   0.0 |       8 |       0 |   0.0
        D:2 |      19 |       0 |   0.0 |       7 |       0 |   0.0
        D:3 |      19 |       0 |   0.0 |       4 |       0 |   0.0
        D:4 |      79 |       0 |   0.0 |       3 |       0 |   0.0
            +---------+---------+-------+---------+---------+-------
